Map: 环轨星港

Players

平步青云 - Winner!

  • Race: Terran Terran

电脑难度(艰难)

  • Race: Protoss Protoss

VOD

Have the link to the VOD?

Description

Time

  • Played on: Dec. 27, 2015, 7:30 a.m.
  • Length: 15:53
Show
View Real Time Build Order
Export as new Build Order

平步青云 Terran - Winner!

Build Orders:  

Get SALT Encoding   

  12  0:01  SCV  
  13  0:13  SCV  
  14  0:22  Supply Depot  
  14  0:26  SCV  
  15  0:44  SCV  
  16  0:51  Barracks  
  16  0:56  SCV  
  17  0:58  Refinery  
  17  1:09  SCV  
  18  1:21  SCV  
  19  1:33  SCV  
  19  1:39  Marine  
  21  1:41  Supply Depot  
  21  1:45  SCV  
  22  1:57  SCV  
  22  2:00  Barracks  
  23  2:03  Marine  
  24  2:09  Supply Depot  
  24  2:14  SCV, Refinery  
  25  2:28  Command Center  
  25  2:32  Supply Depot  
  25  2:36  Barracks Tech Lab  
  25  2:43  SCV  
  26  2:49  Barracks Reactor  
  26  2:55  Factory  
  26  3:00  Orbital Command  
  26  3:09  Concussive Shells  
  28  3:13  Marauder  
  28  3:29  Marine  
  28  3:30  Marine  
  30  3:34  Refinery  
  30  3:38  SCV  
  31  3:48  SCV  
  32  3:50  SCV  
  32  3:51  Marine  
  32  3:54  Factory Reactor  
  34  3:57  Factory Tech Lab  
  34  4:00  SCV  
  34  4:02  SCV  
  36  4:07  Starport  
  36  4:12  SCV  
  37  4:22  Marine x2, Marauder  
  41  4:24  SCV  
  41  4:28  SCV  
  43  4:36  SCV  
  44  4:40  SCV  
  44  4:41  Siege Tank  
  44  4:45  Supply Depot, Medivac  
  51  4:52  SCV  
  51  5:03  Engineering Bay  
  51  5:05  SCV  
  52  5:08  Marine x2  
  52  5:09  Marauder  
  52  5:13  Siege Tank  
  59  5:15  Medivac  
  59  5:18  SCV  
  62  5:45  Marine x2  
  62  5:46  Marauder  
  66  5:54  Siege Tank  
  69  6:23  SCV  
  70  6:31  Supply Depot  
  70  6:37  Terran Infantry Weapons Level 1  
  70  6:40  SCV  
  70  6:52  SCV, Marine x2  
  70  6:53  Marauder  
  75  6:54  Supply Depot  
  75  6:56  Combat Shields  
  75  6:59  Starport Tech Lab  
  75  7:05  SCV  
  75  7:08  Refinery  
  76  7:10  Marine x2  
  78  7:16  Marauder  
  78  7:17  SCV, Supply Depot  
  81  7:29  Marine x2  
  83  7:31  Siege Tank  
  86  7:38  Banshee  
  86  7:40  Supply Depot  
  86  7:43  Cloaking Field  
  89  7:51  Armory  
  89  7:56  Marine  
  89  7:57  Marine  
  89  7:58  Marauder  
  93  8:03  Supply Depot, Siege Tank  
  96  8:14  Marine x2  
  96  8:19  Marauder  
  100  8:21  Command Center  
  100  8:24  Banshee  
  103  8:31  Terran Infantry Armor Level 1  
  103  8:32  Marine x2  
  103  8:34  Supply Depot  
  105  8:41  Missile Turret  
  105  8:47  Missile Turret  
  105  8:48  SCV  
  106  8:57  Supply Depot  
  106  9:00  SCV  
  107  9:10  Marine x2  
  107  9:11  Marauder  
  107  9:13  Siege Tank  
  114  9:19  Supply Depot  
  114  9:28  Marine x2  
  116  9:32  Marauder  
  118  9:42  Supply Depot  
  118  9:45  Siege Tank  
  118  9:55  Marine x2  
  118  9:56  Marauder  
  118  9:59  Medivac  
  124  10:12  Marine  
  124  10:13  Marine  
  126  10:17  Siege Tank, Marauder  
  126  10:18  SCV  
  131  10:25  Terran Infantry Weapons Level 2  
  115  10:30  SCV  
  109  10:42  SCV  
  110  10:54  SCV  
  108  11:15  Medivac  
  110  11:45  Medivac  
  112  11:50  SCV  
  113  11:55  Siege Tank  
  113  11:57  Marine x2  
  113  11:59  Marauder  
  120  12:02  SCV  
  121  12:14  SCV  
  121  12:15  Marine x2, Medivac  
  126  12:21  Marauder  
  128  12:27  Siege Tank  
  131  12:45  Medivac  
  133  13:05  Marine x2  
  134  13:06  Marauder  
  139  13:19  Siege Tank  
  140  13:23  Marine x2  
  142  13:27  Marauder  
  141  13:51  Siege Tank  
  141  14:42  Marine x2  
  141  14:43  Marauder  
  141  14:45  Siege Tank  
  148  14:46  Medivac  
  144  15:00  Marine x2  
  144  15:05  Marauder  
  148  15:17  Siege Tank  
  151  15:35  Marine x2  
Show
View Real Time Build Order
Export as new Build Order

电脑难度(艰难) Protoss 

Build Orders:  

Get SALT Encoding   

  12  0:01  Probe (Chrono Boost)  
  13  0:11  Probe (Chrono Boost)  
  14  0:20  Pylon  
  14  0:22  Probe (Chrono Boost)  
  15  0:38  Probe (Chrono Boost)  
  16  0:47  Assimilator  
  16  0:49  Probe (Chrono Boost), Gateway  
  17  0:59  Probe (Chrono Boost)  
  17  1:00  Pylon  
  18  1:10  Probe (Chrono Boost)  
  19  1:23  Probe (Chrono Boost)  
  20  1:33  Zealot  
  20  1:38  Cybernetics Core  
  22  1:45  Gateway  
  22  1:49  Assimilator  
  22  1:57  Zealot  
  24  2:05  Pylon  
  24  2:22  Stalker  
  24  2:23  Warp Gate  
  26  2:31  Adept  
  28  2:48  Pylon  
  28  2:50  Zealot  
  28  2:57  Zealot  
  32  3:16  Stalker  
  34  3:22  Stalker  
  34  3:26  Pylon  
  36  3:46  Stalker  
  39  3:49  Probe (Chrono Boost)  
  39  3:51  Adept  
  41  4:00  Probe (Chrono Boost)  
  42  4:07  Pylon  
  42  4:12  Probe (Chrono Boost)  
  42  4:15  Zealot  
  45  4:21  Forge  
  45  4:23  Probe (Chrono Boost)  
  45  4:26  Zealot  
  47  4:35  Probe (Chrono Boost)  
  49  4:46  Stalker, Probe (Chrono Boost)  
  51  4:57  Probe (Chrono Boost)  
  52  5:55  Protoss Ground Weapons Level 1  
  52  6:00  Adept  
  52  6:03  Gateway  
  54  6:06  Pylon  
  54  6:07  Nexus  
  54  6:08  Adept  
  54  6:09  Photon Cannon  
  56  6:12  Photon Cannon  
  56  6:19  Adept  
  58  6:27  Sentry, Robotics Facility  
  60  6:39  Sentry  
  52  6:49  Adept  
  54  6:57  Adept  
  56  7:05  Stalker  
  56  7:06  Pylon  
  58  7:13  Stalker  
  58  7:14  Observer  
  61  7:20  Probe (Chrono Boost)  
  61  7:21  Probe (Chrono Boost), Adept  
  65  7:29  Adept  
  67  7:31  Pylon  
  67  7:32  Probe (Chrono Boost)  
  67  7:33  Probe (Chrono Boost)  
  67  7:35  Observer  
  67  7:37  Adept, Protoss Ground Armor Level 1  
  72  7:43  Probe (Chrono Boost), Pylon  
  74  7:45  Probe (Chrono Boost)  
  74  7:55  Probe (Chrono Boost)  
  74  7:56  Probe (Chrono Boost), Stargate  
  77  8:06  Probe (Chrono Boost), Photon Cannon  
  77  8:07  Probe (Chrono Boost)  
  78  8:17  Probe (Chrono Boost), Photon Cannon  
  78  8:18  Probe (Chrono Boost)  
  80  8:27  Twilight Council  
  80  8:28  Probe (Chrono Boost)  
  80  8:29  Probe (Chrono Boost)  
  82  8:39  Probe (Chrono Boost), Forge  
  83  9:10  Assimilator  
  83  9:15  Assimilator  
  83  9:37  Probe x2 (Chrono Boost)  
  85  10:06  Void Ray  
  85  10:07  Warp Prism  
  91  10:14  Gateway  
  91  10:17  Robotics Facility  
  91  10:23  Nexus, Stargate  
  91  10:27  Robotics Bay  
  73  10:31  Pylon  
  55  10:38  Stalker  
  55  10:40  Warp Prism  
  53  10:47  Stalker  
  57  10:56  Zealot  
  59  11:03  Warp Prism  
  59  11:05  Stalker  
  63  11:15  Stalker, Observer  
  66  11:19  Protoss Ground Weapons Level 2  
  66  11:24  Sentry  
  68  11:35  Colossus  
  68  11:39  Void Ray  
  74  11:44  Assimilator  
  74  11:46  Probe x2 (Chrono Boost)  
  80  11:48  Assimilator  
  80  11:50  Void Ray  
  80  11:53  Probe (Chrono Boost)  
  85  11:55  Protoss Ground Armor Level 2  
  85  11:57  Probe x2 (Chrono Boost)  
  85  11:59  Colossus  
  86  12:04  Probe (Chrono Boost)  
  94  12:09  Probe (Chrono Boost)  
  94  12:10  Probe (Chrono Boost)  
  94  12:15  Probe (Chrono Boost)  
  96  12:21  Probe (Chrono Boost)  
  98  12:23  Probe (Chrono Boost)  
  98  12:27  Probe (Chrono Boost)  
  99  12:33  Probe (Chrono Boost)  
  99  12:34  Probe (Chrono Boost)  
  101  12:40  Probe (Chrono Boost)  
  103  12:44  Probe (Chrono Boost)  
  103  12:45  Observer Gravitic Boosters  
  103  12:46  Probe (Chrono Boost)  
  105  12:51  Probe (Chrono Boost), Protoss Air Weapons Level 1  
  105  13:03  Sentry, Probe (Chrono Boost)  
  101  13:06  Probe (Chrono Boost)  
  101  13:09  Probe (Chrono Boost)  
  101  13:12  Zealot  
  102  13:14  Probe (Chrono Boost)  
  103  13:21  Stalker  
  103  13:22  Probe (Chrono Boost)  
  101  13:28  Probe (Chrono Boost)  
  101  13:31  Zealot  
  101  13:32  Probe (Chrono Boost)  
  101  13:34  Zealot  
  101  13:35  Probe (Chrono Boost)  
  101  13:37  Zealot  
  101  13:39  Gravitic Drive  
  90  13:41  Mothership Core (Chrono Boost)  
  90  13:43  Zealot  
  84  13:51  Zealot  
  84  13:54  Zealot  
  84  13:55  Void Ray  
  84  13:57  Zealot  
  84  13:58  Void Ray  
  74  14:02  Zealot  
  74  14:04  Colossus  
  71  14:10  Stalker  
  71  14:13  Stalker  
  71  14:16  Zealot  
  69  14:18  Immortal  
  69  14:21  Stalker  
  69  14:24  Mothership Core (Chrono Boost)  
  55  14:33  Stalker  
  55  14:35  Zealot  
  57  14:45  Stalker  
  53  14:49  Stalker  
  50  14:55  Stalker  
  50  14:56  Zealot  
  36  15:07  Stalker  
  35  15:18  Stalker  
  33  15:21  Probe (Chrono Boost)  
  33  15:24  Probe (Chrono Boost)  
  30  15:28  Pylon  
Tags
 
Add a new tag
Caveats
  • Supply blocks, unpowered buildings, or Contaminate may cause inaccurate times.
  • Supply counts are checked every 10 seconds.